 Dungeon Crawl Stone Soup version 0.19.4-8-ga85b6b9 (webtiles) character file.

4855 doot the Summoner (level 10, 0/46 HPs)
             Began as a Tengu Summoner on Feb 7, 2017.
             Was a Believer of Hepliaklqana.
             Slain by an orc warrior
             ... wielding a +0 scimitar
              (17 damage)
             ... on level 2 of the Orcish Mines on Feb 8, 2017.
             The game lasted 01:05:03 (10186 turns).

doot the Summoner (Tengu Summoner)                 Turns: 10186, Time: 01:05:04

Health: 0/46       AC:  8    Str:  8    XL:     10   Next: 49%
Magic:  11/21      EV: 13    Int: 19    God:    Hepliaklqana [**....]
Gold:   922        SH:  0    Dex: 19    Spells: 5 memorised, 9 levels left

rFire  . . .     SeeInvis .     L - +4 dagger (chaos)
rCold  . . .     Gourm    .     M - +0 troll leather armour
rNeg   . . .     Faith    .     (no shield)
rPois  .         Spirit   .     (helmet restricted)
rElec  .         Reflect  .     g - +0 cloak
rCorr  .         Harm     .     (no gloves)
MR     +....     Clarity  +     (boots unavailable)
Stlth  ++........               v - amulet of regeneration
                                E - +4 ring of dexterity
                                s - ring of wizardry

@: no status effects
A: reduced essence, beak, talons 3, icy blue scales 2, clarity, magic resistance
1, able to fly 1
a: Fly, Recall Ancestor, Ancestor Identity, Renounce Religion


You were on level 2 of the Orcish Mines.
You worshipped Hepliaklqana.
Hepliaklqana was pleased with you.
You were hungry.

You visited 3 branches of the dungeon, and saw 13 of its levels.

You collected 922 gold pieces.

Inventory:

Hand Weapons
 d - a +0 spear
 w - a +1 dagger of draining
 L - a +4 dagger of chaos (weapon)
 T - a +0 trident of venom
 U - a +0 dire flail of protection
Missiles
 p - 35 poisoned needles
 q - 34 bolts
Armour
 a - a +0 robe
 g - a +0 cloak (worn)
 y - a +1 leather armour of fire resistance
 M - a +0 troll leather armour (worn)
 N - a +3 leather armour
Magical Staves
 P - an uncursed staff of conjuration
Jewellery
 s - a ring of wizardry (left hand)
 v - an amulet of regeneration (around neck)
 E - a +4 ring of dexterity (right hand)
Wands
 F - a wand of iceblast (10/15)
 J - a wand of hasting (5/9)
 K - a wand of lightning (6/15)
 O - a wand of paralysis (14/24)
Scrolls
 e - 2 scrolls of fear {unknown}
 f - 7 scrolls of identify
 i - 3 scrolls of random uselessness {unknown}
 k - 5 scrolls of remove curse
 o - 2 scrolls of magic mapping {unknown}
 r - 3 scrolls of teleportation
 u - a scroll of immolation {unknown}
 x - a scroll of noise {unknown}
 B - 2 scrolls of fog {unknown}
 H - a scroll of recharging {unknown}
 Q - a scroll of amnesia {unknown}
 S - a scroll of enchant weapon {unknown}
Potions
 h - 3 potions of heal wounds
 l - 4 potions of lignification
 t - 3 potions of might {unknown}
 z - 3 potions of degeneration {unknown}
 A - 4 potions of curing {unknown}
 C - a potion of brilliance
 D - a potion of cancellation {unknown}
 G - a potion of invisibility {unknown}
 R - a potion of agility {unknown}
Books
 b - a book of Callings

   Spells                             Type                      Level
   a - Summon Small Mammal            Summoning                    1
   b - Call Imp                       Summoning                    2
   c - Call Canine Familiar           Summoning                    3
   d - Summon Guardian Golem          Hexes/Summoning              3
   e - Summon Lightning Spire         Summoning/Air                4
   f - Summon Ice Beast               Ice/Summoning                4
 I - a book of Minor Magic

   Spells                             Type                      Level
   a - Magic Dart                     Conjuration                  1
   b - Blink                          Translocation                2
   c - Call Imp                       Summoning                    2
   d - Repel Missiles                 Charms/Air                   2
   e - Slow                           Hexes                        2
   f - Conjure Flame                  Conjuration/Fire             3
   g - Mephitic Cloud                 Conjuration/Poison/Air       3
Comestibles
 c - 5 bread rations
 j - 3 fruits
 m - 3 beef jerkies
 n - 5 meat rations


   Skills:
 + Level 1.1 Fighting
 + Level 1.9 Short Blades
 + Level 1.2 Polearms
 + Level 3.2 Armour
 + Level 3.2 Dodging
 + Level 3.3 Stealth
 + Level 7.2 Spellcasting
 * Level 12.8 Summonings
 + Level 3.2 Ice Magic
 + Level 5.6 Air Magic


You had 9 spell levels left.
You knew the following spells:

 Your Spells              Type           Power        Failure   Level  Hunger
a - Summon Small Mammal   Summ           ####         1%          1    None
b - Call Imp              Summ           ######..     1%          2    None
c - Call Canine Familiar  Summ           ######..     1%          3    #......
d - Summon Lightning Spi  Summ/Air       #####...     1%          4    ###....
e - Summon Ice Beast      Ice/Summ       #####...     3%          4    ###....


Dungeon Overview and Level Annotations

Branches:
Dungeon (10/15)            Temple (1/1) D:6            Lair (0/6) D:8
    Orc (2/2) D:9
    Elf: Orc:2

Altars:
Ashenzari
Cheibriados
Dithmenos
Elyvilon
Gozag
Hepliaklqana
Kikubaaqudgha
Makhleb
Nemelex Xobeh
Okawaru
Qazlal
Ru
Sif Muna
Trog
Uskayaw
Vehumet
Xom
Yredelemnul
Zin
The Shining One

Shops:
D:4 :   Orc:2 :[

Annotations:
D:7 2 runed doors, Feta's ghost, novice DrCj; Joseph
D:10 Maurice


Innate Abilities, Weirdness & Mutations

You have a beak for a mouth.
You have claws for feet.
You can fly.
Your life essence is reduced. (-10% HP)
You are mostly covered in icy blue scales. (AC +3)
You possess an exceptional clarity of mind.
You are resistant to hostile enchantments. (MR+)


Message History

The poisoned tomahawk misses your ice beast.
The poisoned tomahawk barely misses you.
Servia casts a spell at the orc warrior.
The stone arrow hits the orc warrior.
The orc warrior barely misses Servia.
The orc warrior hits the fungus with a long sword!
You catch the helpless orc warrior completely off-guard!
You puncture the orc warrior!
The wind howls around the orc warrior!
Your peck misses the orc warrior.
The orc warrior is almost dead.
Your wolf barely misses the orc warrior.
The orc warrior hits the fungus with an enchanted war axe!
Your ice beast misses the orc warrior.
The orc sorcerer hits the fungus but does no damage.
The orc knight roars a battlecry!
The orc knight goes into a battle-frenzy!
The orc warrior throws a poisoned tomahawk.
The poisoned tomahawk hits your ice beast but does no damage.
Your ice beast is poisoned.
The orc warrior hits you with a scimitar!
You die...

.......∩.......
...P........P$.
.......oo......
......oo.......
....oPo.....#
..##.ooPo......
......(R.......
.<.....@o...$..
......$Yh....#.
.........Po....
.........o.P...
.#.#...P..o....
.. ...PP.......
. ........o....
........8...PP


You could see the friendly Servia the battlemage, an orc warlord, 3 orc knights,
an orc sorcerer, 9 orc warriors, a friendly ice beast and a friendly wolf.

Vanquished Creatures
  A crimson imp (D:8)
  An orc priest (D:5)
  2 jellies
  A hound (D:6)
  A bullfrog skeleton (D:6)
  An orc wizard (D:4)
  A worker ant (D:5)
  A hound skeleton (D:8)
  2 adders
  2 dart slugs (D:1)
  3 leopard geckos
  5 orcs
  2 bats
  A hobgoblin (D:3)
  4 jackals
  4 kobolds
  2 quokkas
  5 frilled lizards
  A quokka zombie (D:5)
  A rat (D:1)
  A plant (D:1)
  2 toadstools (D:1)
44 creatures vanquished.

Vanquished Creatures (collateral kills)
  Erolcha (Orc:1)
  The ghost of Paps the Cudgeler, a novice GrFi of Hepliaklqana (D:8)
  The ghost of Atlantean the Skirmisher, a novice DsFi of Okawaru (D:9)
  A cyclops (Orc:1)
  Psyche (D:9)
  The ghost of North the Slasher, a novice DsFi of Okawaru (D:5)
  2 trolls
  Prince Ribbit (D:6)
  A two-headed ogre (Orc:1)
  Grum (D:7)
  5 yaks (D:8)
  A hungry ghost (D:9)
  2 wargs
  A water moccasin (D:7)
  4 porcupines (D:8)
  2 sky beasts (D:8)
  2 ice beasts
  2 orc warriors
  2 phantoms
  2 necrophages (D:6)
  3 wolves
  3 centaurs
  An ogre (D:6)
  4 crocodiles
  A bullfrog (D:8)
  2 scorpions
  2 crimson imps
  2 quasits (D:7)
  2 jellies
  7 orc priests
  A bullfrog skeleton (D:9)
  5 orc wizards
  6 hounds
  6 worker ants
  A hound zombie (D:8)
  A hound skeleton (D:8)
  A worker ant zombie (D:5)
  5 adders
  4 gnolls (D:3)
  2 river rats (D:8)
  2 shadow imps
  2 adder skeletons
  2 worms (D:2)
  A dart slug (D:2)
  3 leopard geckos
  25 orcs
  3 giant cockroaches (D:2)
  5 goblins
  6 hobgoblins
  4 iguanas
  8 jackals
  8 kobolds
  3 quokkas
  A ball python (D:1)
  2 bats (D:1)
  2 frilled lizards
  A quokka zombie (D:5)
  4 rats
175 creatures vanquished.

Vanquished Creatures (others)
  5 ancestors
  A fungus (D:8)
  A plant (D:8)
  2 toadstools (D:1)
9 creatures vanquished.

Grand Total: 228 creatures vanquished

Notes
Turn   | Place    | Note
-------+----------+-------------------------------------------
     0 | D:1      | doot the Tengu Summoner began the quest for the Orb.
     0 | D:1      | Reached XP level 1. HP: 10/10 MP: 4/4
   228 | D:1      | Reached skill level 5 in Summonings
   356 | D:1      | Reached XP level 2. HP: 15/15 MP: 4/6
   373 | D:1      | Learned a level 2 spell: Call Imp
  1312 | D:1      | Reached XP level 3. HP: 18/19 MP: 7/7
  1355 | D:1      | Learned a level 3 spell: Call Canine Familiar
  2183 | D:3      | Reached XP level 4. HP: 23/24 MP: 0/9
  2304 | D:3      | Found a white marble altar of Elyvilon.
  2604 | D:3      | Reached skill level 1 in Polearms
  2933 | D:3      | Reached skill level 6 in Summonings
  2933 | D:3      | Gained mutation: You can fly. [Tengu growth]
  2933 | D:3      | Reached XP level 5. HP: 28/28 MP: 1/10
  2952 | D:3      | Learned a level 4 spell: Summon Lightning Spire
  3103 | D:4      | Reached skill level 1 in Air Magic
  3357 | D:4      | Noticed a phantom
  3399 | D:4      | Reached skill level 1 in Armour
  3418 | D:4      | Killed a phantom
  3418 | D:4      | Reached XP level 6. HP: 32/32 MP: 5/11
  3458 | D:4      | Reached skill level 7 in Summonings
  3606 | D:4      | Found Peisuapral's Book Shoppe.
  3829 | D:5      | Entered Level 5 of the Dungeon
  3891 | D:5      | Noticed North's ghost (novice DsFi)
  4151 | D:5      | Noticed a phantom
  4160 | D:5      | Killed a phantom
  4253 | D:5      | Found a shimmering altar of Xom.
  4294 | D:5      | Reached XP level 7. HP: 26/36 MP: 8/13
  4653 | D:5      | Found a glowing silver altar of Zin.
  4653 | D:5      | Noticed an angel
  4925 | D:5      | Killed North's ghost
  4925 | D:5      | Reached skill level 8 in Summonings
  5218 | D:6      | Noticed Prince Ribbit
  5273 | D:5      | Learned a level 4 spell: Summon Ice Beast
  5585 | D:6      | Found an iron altar of Okawaru.
  5632 | D:6      | Found a staircase to the Ecumenical Temple.
  5657 | Temple   | Entered the Ecumenical Temple
  5734 | Temple   | Became a worshipper of Hepliaklqana the Forgotten
  5824 | D:6      | Reached XP level 8. HP: 36/36 MP: 8/15
  5953 | D:6      | Killed Prince Ribbit
  5953 | D:6      | Reached skill level 1 in Short Blades
  5953 | D:6      | Reached skill level 9 in Summonings
  6225 | D:7      | Found a runed door.
  6285 | D:7      | Noticed a troll
  6291 | D:7      | Killed a troll
  6399 | D:7      | Found a sparkling altar of Nemelex Xobeh.
  6403 | D:7      | Reached skill level 1 in Ice Magic
  6590 | D:7      | Found a sacrificial altar of Ru.
  6590 | D:7      | Found a radiant altar of Vehumet.
  6711 | D:7      | Noticed Feta's ghost (novice DrCj)
  6735 | D:8      | Noticed Paps's ghost (novice GrFi)
  6847 | D:8      | Noticed Grum
  6876 | D:7      | Killed Grum
  6995 | D:7      | Reached skill level 5 in Spellcasting
  7121 | D:7      | Reached skill level 10 in Summonings
  7212 | D:7      | Noticed Joseph
  7377 | D:7      | Found a runed door.
  7537 | D:9      | Noticed Psyche
  7548 | D:8      | Noticed a yak
  7549 | D:8      | Found a staircase to the Lair.
  7549 | D:8      | Noticed a yak
  7550 | D:8      | Noticed a yak
  7550 | D:8      | Noticed a yak
  7557 | D:8      | Noticed a yak
  7566 | D:8      | Killed a yak
  7566 | D:8      | Reached XP level 9. HP: 41/41 MP: 4/17
  7733 | D:7      | HP: 2/41 [Feta's ghost/bolt of negative energy (39)]
  7899 | D:8      | Reached skill level 11 in Summonings
  7935 | D:8      | Gained mutation: You possess an exceptional clarity of mind. [mutagenic meat]
  7936 | D:8      | Gained mutation: You are partially covered in icy blue scales. (AC +2) [mutagenic meat]
  7937 | D:8      | Gained mutation: You are resistant to hostile enchantments. (MR+) [mutagenic meat]
  7938 | D:8      | Gained mutation: You are mostly covered in icy blue scales. (AC +3) [mutagenic meat]
  8040 | D:8      | Reached * piety under Hepliaklqana
  8181 | D:9      | Killed Psyche
  8397 | D:9      | Found a staircase to the Orcish Mines.
  8426 | D:9      | Found a shattered altar of Ashenzari.
  8433 | D:9      | Noticed Atlantean's ghost (novice DsFi)
  8455 | D:9      | Killed Atlantean's ghost
  8532 | D:9      | Reached XP level 10. HP: 45/45 MP: 15/21
  8545 | D:9      | Reached skill level 12 in Summonings
  8869 | D:9      | Reached skill level 5 in Air Magic
  9569 | D:8      | Killed Paps's ghost
  9697 | D:10     | Entered Level 10 of the Dungeon
  9697 | D:10     | Noticed Maurice
  9715 | Orc:1    | Entered Level 1 of the Orcish Mines
  9715 | Orc:1    | Noticed a cyclops
  9720 | Orc:1    | Noticed Erolcha
  9726 | Orc:1    | Killed Erolcha
  9728 | Orc:1    | Killed a cyclops
  9728 | Orc:1    | Reached skill level 1 in Fighting
 10044 | Orc:1    | Reached ** piety under Hepliaklqana
 10045 | Orc:1    | Remembered your ancestor Servia as a battlemage
 10180 | Orc:2    | Entered Level 2 of the Orcish Mines
 10180 | Orc:2    | Found Zoprec's Antique Armour Shoppe.
 10180 | Orc:2    | Found Firioff's Book Shoppe.
 10180 | Orc:2    | Noticed an orc sorcerer
 10180 | Orc:2    | Noticed an orc knight
 10180 | Orc:2    | Noticed an orc knight
 10180 | Orc:2    | Noticed an orc knight
 10182 | Orc:2    | Noticed an orc warlord
 10186 | Orc:2    | Slain by an orc warrior

Skill      XL: |  1  2  3  4  5  6  7  8  9 10 |
---------------+-------------------------------+-----
Summonings     | 5 6 7 8 10 11 12 | 12.8
Polearms       | 1 |  1.2
Spellcasting   | 3 4 5 6 7 |  7.2
Air Magic      | 1 2 3 4 5 |  5.6
Armour         | 1 2 3 |  3.2
Short Blades   | 1 |  1.9
Ice Magic      | 1 2 3 |  3.2
Stealth        | 3 |  3.3
Dodging        | 3 |  3.2
Fighting       | 1 |  1.1

Action                   |  1- 3 |  4- 6 |  7- 9 | 10-12 || total
-------------------------+-------+-------+-------+-------++-------
Melee: Spear             |   129 |       |       |       ||   129
       Unarmed           |    10 |       |       |       ||    10
       Kick              |    41 |    15 |    19 |     3 ||    78
       Peck              |    26 |     8 |     8 |     1 ||    43
       Dagger            |     9 |    55 |    61 |     9 ||   134
 Cast: Summon Small Mamm |    15 |     3 |       |       ||    18
       Call Imp          |    15 |    19 |     7 |     1 ||    42
       Call Canine Famil |     6 |    12 |    36 |    12 ||    66
       Summon Lightning  |       |     3 |    26 |    13 ||    42
       Summon Ice Beast  |       |       |    24 |    12 ||    36
Invok: Recall Ancestor   |       |       |     4 |       ||     4
       Ancestor Life: Ba |       |       |       |     1 ||     1
  Use: Potion            |     3 |       |     2 |       ||     5
       Scroll            |       |     1 |     2 |     2 ||     5
 Stab: Sleeping          |     3 |     1 |     1 |     1 ||     6
       Distracted        |       |       |     2 |     1 ||     3
  Eat: Chunk             |     4 |    11 |    25 |     8 ||    48
       Fruit             |       |       |     3 |       ||     3
Armor: Robe              |    17 |       |       |       ||    17
       Leather armour    |       |    14 |    10 |       ||    24
       Troll leather arm |       |       |    28 |     4 ||    32
Dodge: Dodged            |    63 |    42 |   100 |    15 ||   220
